 Dungeon Crawl Stone Soup version 0.30.1-1-g62c8e00024 (webtiles) character file.

Game seed: 16765812137907104612

23445 DemonSlayer the Skirmisher (level 12, -2/88 HPs)
             Began as a Demonspawn Earth Elementalist on July 17, 2023.
             Was a Follower of Dithmenos.
             Killed from afar by a tengu conjurer (28 damage)
             ... with a bolt of lightning
             ... on level 15 of the Dungeon.
             The game lasted 00:44:26 (14314 turns).

DemonSlayer the Skirmisher (DsEE)                  Turns: 14314, Time: 00:44:26

Health: -2/88      AC: 17    Str:  9    XL:     12   Next: 71%
Magic:  0/34       EV: 14    Int: 17    God:    Dithmenos [*.....]
Gold:   874        SH:  0    Dex: 19    Spells: 10/29 levels left

rFire   + . .        y - +9 falchion of Kismet {freeze, Int+3}
rCold   + . .        (no shield)
rNeg    . . .        F - +3 leather armour {rPois}
rPois   +            s - +2 helmet {SInv}
rElec   .            q - scarf of Too Many Cooks {rC+ rF+, MP+9 Int-4 Dex+2 Slay+4}
rCorr   .            f - +0 pair of gloves
SInv    +            g - +1 pair of boots
Will    .....        (no amulet)
Stlth   +++          l - +4 ring of protection
HPRegen 0.34/turn    m - ring of poison resistance
MPRegen 0.48/turn

%: guardian spirit
@: wreathed by umbra, studying Armour
A: foul stench 2, magic shield, magic regeneration, demonic touch 2
a: Renounce Religion


You were on level 15 of the Dungeon.
You worshipped Dithmenos.
Dithmenos was aware of your devotion.
You visited 2 branches of the dungeon, and saw 16 of its levels.
You also visited: Bailey.

You collected 1273 gold pieces.
You spent 399 gold pieces at shops.

Inventory:

Hand Weapons
 d - a +3 spectral dagger
 w - the +10 sling of Hiff {freeze, rElec}
   (You found it on level 5 of the Dungeon)

   rElec:     It insulates you from electricity.
 y - the +9 falchion of Kismet (weapon) {freeze, Int+3}
   (You took it off a tengu conjurer on level 9 of the Dungeon)

   Int:       It affects your intelligence (+3).
 B - the +5 dagger "Beastbane" {flame, rPois Str-3 Int-5 Stlth+}
   (You found it on level 6 of the Dungeon)

   Str:       It affects your strength (-3).
   Int:       It affects your intelligence (-5).
   rPois:     It protects you from poison.
   Stlth:     It makes you more stealthy.
Armour
 f - a +0 pair of gloves (worn)
 g - a +1 pair of boots (worn)
 q - the scarf of Too Many Cooks (worn) {rC+ rF+, MP+9 Int-4 Dex+2 Slay+4}
   (You acquired it in a bailey)

   Int:       It affects your intelligence (-4).
   Dex:       It affects your dexterity (+2).
   Slay:      It affects your accuracy & damage with ranged weapons and melee
   (+4).
   MP:        It affects your magic capacity (+9).
 s - a +2 helmet of see invisible (worn)
 E - a +1 pair of boots of rampaging
 F - a +3 leather armour of poison resistance (worn)
Magical Staves
 e - the staff of death "Cucw" {rN+ MP+9 Str+2 Stlth-}
   (You found it on level 9 of the Dungeon)

   [staff of death]

   Base accuracy: +5 Base damage: 5 Base attack delay: 1.2 This weapon's minimum
   attack delay (0.6) is reached at skill level 12.
   Str:       It affects your strength (+2).
   rN:        It protects you from negative energy.
   MP:        It affects your magic capacity (+9).
   Stlth:     It makes you less stealthy.
   It falls into the 'Staves' category.
   It is a one-handed weapon.
Jewellery
 l - a +4 ring of protection (left hand)
 m - a ring of poison resistance (right hand)
Wands
 v - a wand of mindburst (2)
 x - a wand of paralysis (3)
 A - a wand of roots (16)
 I - a wand of digging (5)
Scrolls
 a - 4 scrolls of enchant armour
 h - a scroll of poison
 i - a scroll of immolation
 k - 6 scrolls of teleportation
 r - a scroll of silence
 u - 4 scrolls of fear
 z - a scroll of identify
 G - a scroll of blinking
 M - a scroll of butterflies
Potions
 b - 4 potions of lignification
 j - 3 potions of flight
 n - 2 potions of haste {unknown}
 o - 2 potions of ambrosia {unknown}
 p - 2 potions of resistance
 t - 2 potions of attraction {unknown}
 C - a potion of experience {unknown}
 H - a potion of might {unknown}
 J - 2 potions of cancellation {unknown}
 K - a potion of brilliance {unknown}
 L - 2 potions of mutation {unknown}


   Skills:
 + Level 6.0 Fighting
 + Level 0.3(0.5) Short Blades
 + Level 0.5(0.6) Long Blades
 + Level 11.1 Ranged Weapons
 + Level 0.8 Throwing
 + Level 4.9 Armour
 + Level 4.5 Dodging
 + Level 3.9 Stealth
 + Level 9.0 Spellcasting
 + Level 6.3 Conjurations
 + Level 0.1 Hexes
 + Level 0.8 Transmutations
 + Level 8.7 Earth Magic
 + Level 3.8 Evocations


You had 10 spell levels left.
You knew the following spells:

 Your Spells              Type           Power      Damage    Failure   Level
a - Sandblast             Erth           74%        2d16      1%          1
b - Passwall              Tmut/Erth      20%        N/A       2%          2
c - Stone Arrow           Conj/Erth      66%        3d11      1%          3
d - Petrify               Tmut/Erth      24%        N/A       17%         4
e - Leda's Liquefaction   Hex/Erth       11%        N/A       21%         4
f - Lee's Rapid Deconstr  Erth           18%        3d11*     10%         5

Your spell library contained the following spells:

 Spells                   Type           Power      Damage    Failure   Level
 Static Discharge         Conj/Air       36%        2-4/arc   4%          2
 Sublimation of Blood     Necr           7%         N/A       19%         2
 Animate Armour           Summ/Erth      44%        N/A       21%         4
 Irradiate                Conj/Tmut      9%         3d14      61%         5
 Airstrike                Air            3%         2d(1-17)  77%         4
 Summon Ice Beast         Ice/Summ       7%         N/A       77%         4
 Summon Lightning Spire   Summ/Air       7%         N/A       77%         4
 Statue Form              Tmut/Erth      16%        N/A       95%         6
 Summon Mana Viper        Hex/Summ       7%         N/A       98%         5
 Monstrous Menagerie      Summ           3%         N/A       100%        7
 Lehudib's Crystal Spear  Conj/Erth      16%        10d5      100%        8


Dungeon Overview and Level Annotations

Branches:
Dungeon (14/15)            Temple (1/1) D:6            Lair (0/5) D:11
 Vaults (0/5) D:14         Bailey (visited)
    Orc: D:9-12

Altars:
Ashenzari
Cheibriados
Dithmenos
Fedhas
Gozag
Hepliaklqana
Kikubaaqudgha
Makhleb
Nemelex Xobeh
Okawaru
Qazlal
Ru
Sif Muna
Trog
Uskayaw
Vehumet
Wu Jian
Xom
Yredelemnul

Shops:
D:1 *   D:6 *

Portals:
Trove: D:14 (show abyssal rune of Zot)

Annotations:
D:6 2 runed translucent doors, leafyfresh's ghost, novice GnDe
D:11 2 transporters


Innate Abilities, Weirdness & Mutations

You sometimes emit foul miasma when damaged in melee.
When hurt, damage is shared between your health and your magic reserves.
You regenerate magic rapidly.
Your touch may inflict irresistible damage on your foes.


Message History

The tengu conjurer claws you but does no damage.
You closely miss the tengu conjurer. Your touch misses the tengu conjurer.
The tengu conjurer is heavily wounded.
The tengu conjurer hits you. The tengu conjurer misses you.
The tengu conjurer claws you but does no damage.
You barely miss the tengu conjurer. Your touch misses the tengu conjurer.
The tengu conjurer is heavily wounded.
The tengu conjurer closely misses you. The tengu conjurer misses you.
The tengu conjurer completely misses you.
You miss the tengu conjurer.
The tengu conjurer is heavily wounded.
The tengu conjurer closely misses you. The tengu conjurer misses you.
The tengu conjurer claws you but does no damage.
The tengu conjurer hits you but does no damage.
The tengu conjurer pecks you but does no damage.
The tengu conjurer barely misses you.
You hit the tengu conjurer. You freeze the tengu conjurer.
The tengu conjurer is heavily wounded.
The tengu conjurer closely misses you.
The tengu conjurer pecks you but does no damage.
The tengu conjurer misses you.
You slash the tengu conjurer! You freeze the tengu conjurer.
Your touch misses the tengu conjurer.
The tengu conjurer is almost dead.
The tengu conjurer casts a spell.
The tengu conjurer blinks!
You barely miss the tengu conjurer.
The tengu conjurer is almost dead.
The tengu conjurer points at you and mumbles some strange words.
The bolt of lightning hits you!!
* * * LOW HITPOINT WARNING * * *
The tengu conjurer barely misses you.
The tengu conjurer pecks you but does no damage.
The tengu conjurer barely misses you.
You hear a shout! x2
You barely miss the tengu conjurer. You punch the tengu conjurer.
The tengu conjurer is almost dead.
The tengu conjurer gestures at you while chanting.
The bolt of lightning hits you!!
You die...

## .# .. ###.
####Q( #..#*#
##@#.#####
#.Q.....#
#.......#
#..*....#
#.......#
#.......#
###......#
##........##
###
###..#.......#


You could see a tengu conjurer and a battlesphere.

Vanquished Creatures
  An ironbound preserver (D:14)
  An orc warlord (Bailey)
  A very ugly thing (D:14)
  Erolcha (D:9)
  2 hydras
  2 centaur warriors (D:15)
  A boulder beetle (D:9)
  A two-headed ogre (D:14)
  3 tengu warriors
  Lodul (D:11)
  An orc knight (Bailey)
  2 manticores
  2 cyclopes
  A moth of wrath (shapeshifter) (D:9)
  A black mamba (shapeshifter) (D:14)
  A gargoyle (D:10)
  A kobold demonologist (D:9)
  A rime drake (D:10)
  A freezing wraith (D:14)
  2 tengu conjurers
  A troll (D:9)
  Grinder (D:4)
  A slime creature (D:15)
  2 shadows (D:10)
  3 wyverns
  23 yaks
  3 water moccasins
  Duvessa (D:6)
  14 orc warriors
  3 ice beasts
  2 black bears
  6 ogres (D:11)
  2 wolves (D:11)
  7 centaurs
  2 kobold brigands (D:9)
  4 bullfrogs
  A scorpion (D:4)
  Dowan (D:6)
  8 wights
  11 killer bees
  A howler monkey (D:9)
  4 orc priests
  3 jellies
  3 hounds
  3 sleepcaps
  Jessica (D:3)
  5 iguanas
  9 orc wizards
  4 centaur simulacra
  2 gnolls (Bailey)
  2 adders
  4 white imps
  3 ufetubi
  A worm (D:3)
  41 orcs
  2 endoplasms
  A giant cockroach (D:1)
  16 goblins
  12 hobgoblins
  3 quokkas
  7 ball pythons
  3 bats (D:2)
  2 frilled lizards
  12 kobolds
  2 rats
269 creatures vanquished.

Vanquished Creatures (others)
  An orc wizard (D:4)
1 creature vanquished.

Grand Total: 270 creatures vanquished

Notes
Turn   | Place    | Note
-------+----------+-------------------------------------------
     0 | D:1      | DemonSlayer the Demonspawn Earth Elementalist began the
                  | quest for the Orb.
     0 | D:1      | Reached XP level 1. HP: 13/13 MP: 3/3
     2 | D:1      | Noticed a vampire
     2 | D:1      | Noticed an elf
     4 | D:1      | Noticed a naga
     4 | D:1      | Noticed a meteoran
     6 | D:1      | Noticed a tengu
     6 | D:1      | Noticed a vine stalker
     8 | D:1      | Noticed a formicid
    10 | D:1      | Noticed a human
    10 | D:1      | Noticed an ogre
    12 | D:1      | Noticed a ghoul
    12 | D:1      | Noticed a gargoyle
    14 | D:1      | Noticed a minotaur
    14 | D:1      | Noticed an octopode
    16 | D:1      | Noticed a troll
    18 | D:1      | Noticed a spriggan
    20 | D:1      | Noticed a demonspawn
    20 | D:1      | Noticed a draconian
    22 | D:1      | Noticed a felid
    22 | D:1      | Noticed a merfolk
    24 | D:1      | Noticed a meteoran
    24 | D:1      | Noticed an armataur
    26 | D:1      | Noticed a tengu
    26 | D:1      | Noticed a vampire
   380 | D:2      | Gained mutation: You regenerate magic rapidly. [demonic
                  | ancestry]
   380 | D:2      | Reached XP level 2. HP: 19/19 MP: 3/5
   383 | D:2      | Learned a level 2 spell: Passwall
   879 | D:1      | Found Paatiakh's General Store.
   899 | D:1      | Bought a scroll of teleportation for 42 gold pieces
   956 | D:1      | Gained mutation: You may rarely emit foul miasma when
                  | damaged in melee. [demonic ancestry]
   956 | D:1      | Reached XP level 3. HP: 24/24 MP: 4/6
  1851 | D:3      | Noticed Jessica
  1856 | D:3      | Killed Jessica
  1857 | D:3      | Gained mutation: Your touch may inflict minor irresistible
                  | damage on your foes. [demonic ancestry]
  1857 | D:3      | Reached XP level 4. HP: 24/30 MP: 4/8
  2074 | D:3      | Learned a level 3 spell: Stone Arrow
  2107 | D:4      | Noticed a scorpion
  2289 | D:4      | Killed a scorpion
  2290 | D:4      | Gained mutation: When hurt, damage is shared between your
                  | health and your magic reserves. [demonic ancestry]
  2290 | D:4      | Reached XP level 5. HP: 35/35 MP: 6/10
  2328 | D:4      | Found a snail-covered altar of Cheibriados.
  2509 | D:4      | Noticed Grinder
  2516 | D:4      | Reached skill level 1 in Conjurations
  2516 | D:4      | Reached XP level 6. HP: 26/41 MP: 2/12
  2836 | D:4      | Killed Grinder
  2837 | D:4      | Reached skill level 5 in Spellcasting
  2837 | D:4      | Reached skill level 5 in Earth Magic
  2837 | D:4      | Gained mutation: Your touch may inflict irresistible damage
                  | on your foes. [demonic ancestry]
  2837 | D:4      | Reached XP level 7. HP: 34/46 MP: 2/14
  3159 | D:5      | Entered Level 5 of the Dungeon
  3628 | D:5      | Identified the +10 sling of Hiff {freeze, rElec}
  4431 | D:6      | Noticed Dowan
  4445 | D:6      | Killed Dowan
  4446 | D:6      | Gained mutation: You sometimes emit foul miasma when
                  | damaged in melee. [demonic ancestry]
  4446 | D:6      | Reached XP level 8. HP: 49/52 MP: 14/16
  4496 | D:6      | Found a runed translucent door.
  4513 | D:6      | Noticed leafyfresh's ghost (novice GnDe)
  4546 | D:6      | Found Riemoecorphu's Lightly-Used Armoury.
  4586 | D:6      | Found a broken altar of Ashenzari.
  4604 | D:6      | Found a runed translucent door.
  4781 | D:6      | Reached skill level 1 in Ranged Weapons
  4822 | D:6      | Noticed Duvessa
  4828 | D:6      | Killed Duvessa
  4829 | D:6      | Reached skill level 1 in Fighting
  5003 | D:6      | Identified the +5 dagger "Beastbane" {flame, rPois Str-3
                  | Int-5 Stlth+}
  5037 | D:6      | Found a staircase to the Ecumenical Temple.
  5063 | Temple   | Entered the Ecumenical Temple
  5989 | D:1      | Bought 3 scrolls of blinking for 315 gold pieces
  6132 | D:7      | Reached skill level 2 in Ranged Weapons
  6648 | D:7      | Reached skill level 3 in Ranged Weapons
  6648 | D:7      | Reached skill level 1 in Armour
  6910 | D:8      | Reached XP level 9. HP: 59/59 MP: 15/18
  6932 | D:8      | Reached skill level 4 in Ranged Weapons
  6981 | D:8      | Found a burning altar of Makhleb.
  7573 | D:8      | Learned a level 4 spell: Petrify
  7578 | D:8      | Learned a level 4 spell: Leda's Liquefaction
  7584 | D:8      | Learned a level 5 spell: Lee's Rapid Deconstruction
  8035 | D:9      | Reached skill level 5 in Ranged Weapons
  8036 | D:9      | Noticed Erolcha
  8044 | D:9      | Killed Erolcha
  8045 | D:9      | Reached skill level 6 in Ranged Weapons
  8175 | D:9      | Found a flagged portal.
  8239 | Bailey   | Entered a bailey
  8412 | Bailey   | Noticed an orc knight
  8476 | Bailey   | Killed an orc knight
  8477 | Bailey   | Reached skill level 7 in Ranged Weapons
  8477 | Bailey   | Reached XP level 10. HP: 50/69 MP: 10/20
  8587 | Bailey   | Reached skill level 1 in Evocations
  8657 | Bailey   | Noticed an orc warlord
  8671 | Bailey   | Killed an orc warlord
  8672 | Bailey   | Reached skill level 8 in Ranged Weapons
  8788 | Bailey   | Acquired the scarf of Too Many Cooks {rC+ rF+, MP+9 Int-4
                  | Dex+2 Slay+4}
  9037 | D:9      | Noticed a boulder beetle
  9046 | D:9      | Found a sacrificial altar of Ru.
  9277 | D:9      | Noticed a six-headed hydra
  9282 | D:9      | Killed a six-headed hydra
  9285 | D:9      | Noticed a moth of wrath
  9323 | D:9      | Killed a boulder beetle
  9324 | D:9      | Reached XP level 11. HP: 43/76 MP: 2/22
  9330 | D:9      | Reached skill level 9 in Ranged Weapons
  9458 | D:9      | Identified the staff of death "Cucw" {rN+ MP+9 Str+2
                  | Stlth-}
  9487 | D:9      | Identified the +9 falchion of Kismet {freeze, Int+3}
 10442 | D:1      | Bought a scroll of teleportation for 42 gold pieces
 10631 | D:10     | Entered Level 10 of the Dungeon
 10900 | D:10     | Found a bloodstained altar of Trog.
 10900 | D:10     | Found an ornate altar of the Wu Jian Council.
 11065 | D:10     | Found a shadowy altar of Dithmenos.
 11073 | D:10     | Became a worshipper of Dithmenos the Shadowed
 11432 | D:10     | Found an iron altar of Okawaru.
 12007 | D:11     | Reached skill level 10 in Ranged Weapons
 12132 | D:11     | Found a staircase to the Lair.
 12138 | D:11     | Noticed Lodul
 12147 | D:11     | Reached skill level 5 in Conjurations
 12482 | D:11     | Found a transporter.
 12486 | D:11     | Noticed a deep elf knight
 12573 | D:11     | Reached * piety under Dithmenos
 12797 | D:11     | Noticed a jorogumo
 12813 | D:11     | Killed Lodul
 12817 | D:11     | Reached XP level 12. HP: 59/85 MP: 24/24
 12833 | D:11     | Noticed an ogre mage
 12892 | D:11     | Noticed a quicksilver ooze
 13029 | D:11     | Found a transporter.
 13039 | D:11     | Noticed a broodmother
 13130 | D:12     | You fall into a shaft and drop 2 floors!
 13137 | D:14     | Found a portal to a secret trove of treasure.
 13185 | D:14     | Noticed a cyan very ugly thing
 13197 | D:14     | Killed a cyan very ugly thing
 13208 | D:14     | Noticed an ironbound preserver
 13210 | D:14     | Found a gate to the Vaults.
 13226 | D:14     | Reached skill level 5 in Fighting
 13281 | D:14     | Noticed a two-headed ogre
 13324 | D:14     | Killed a two-headed ogre
 13333 | D:14     | Killed an ironbound preserver
 13337 | D:14     | Noticed a tengu warrior
 13338 | D:14     | Noticed a tengu warrior
 13363 | D:14     | Killed a tengu warrior
 13368 | D:14     | Killed a tengu warrior
 13437 | D:14     | Noticed a centaur warrior
 13437 | D:14     | Noticed a catoblepas
 13471 | D:12     | Noticed a two-headed ogre
 13475 | D:13     | You fall into a shaft and drop 2 floors!
 13475 | D:15     | Entered Level 15 of the Dungeon
 13952 | D:15     | Noticed a centaur warrior
 13957 | D:15     | Killed a centaur warrior
 14066 | D:15     | Noticed a centaur warrior
 14067 | D:15     | Noticed an eight-headed hydra
 14072 | D:15     | Killed a centaur warrior
 14086 | D:15     | Killed an eight-headed hydra
 14087 | D:15     | Reached skill level 11 in Ranged Weapons
 14254 | D:15     | Noticed a fire dragon
 14281 | D:15     | Noticed a tengu warrior
 14298 | D:15     | Killed a tengu warrior
 14314 | D:15     | Killed from afar by a tengu conjurer

Illustrated notes

Levels and vault maps discovered:
D:1:      kb_arrival_jail, layout_basic, serial_shops, shop
D:2:      layout_basic
D:3:      layout_basic, serial_park_tiny_pond, minmay_misc_feat_room,
          chequers_big_river, st_stairs_2, minmay_cut_off, uniq_jessica
D:4:      layout_cave_pools, zin_scriptorium, mainiacjoe_overflow_boulevard,
          hangedman_abyss_or_decor_stagger, nicolae_titane, uniq_grinder
D:5:      layout_basic
D:6:      layout_basic, nicolae_ashenzari_panopticon, lemuel_temple_firewalk_a,
          ebering_ghost_sewer_f, minmay_shop_damaged, uniq_duvessa
D:7:      layout_basic
D:8:      layout_loops_ring, lemuel_crystal_altar
D:9:      minmay_the_grid_triangle_9x9_recursive_2_mashed
          [minmay_the_grid_triangle_9x9_prize_insulated,
          minmay_the_grid_triangle_9x9_pentomino_pain,
          minmay_the_grid_triangle_9x9_steps,
          minmay_the_grid_triangle_9x9_intruding_spiral], layout_basic,
          minitemple, enter_bailey_4, st_stairs_2, uniq_erolcha
D:10:     minmay_inner_zag, layout_loops_ring,
          hellmonk_okawaru_the_only_friend_you_need,
          gammafunk_temple_overflow_elements, nicolae_dithmenos_shadow_blocks
D:11:     gammafunk_the_bubble [the_bubble_gammafunk_plus_minus],
          layout_gridville, hellmonk_lair_entry_icy, minmay_misc_feat_cross,
          uniq_lodul
D:12:     lemuel_ice_statue, layout_rooms, minmay_orc_entry_temple_small,
          serial_shops, shop
D:13:     layout_rooms, minmay_fractal_squares_5
D:14:     layout_loops_ring, skrybe_vaults_entry_preservation,
          hangedman_decor_lopped, enter_trove_2
D:15:     grunt_enter_depths_magical_seal, layout_rooms
Temple:   minmay_temple_forest_path

Skill      XL: |  1  2  3  4  5  6  7  8  9 10 11 12 |
---------------+-------------------------------------+-----
Earth Magic    | 3 4 5 6 7 8 |  8.7
Stealth        | 2 3 |  3.9
Spellcasting   | 3 4 5 6 7 8 9 |  9.0
Dodging        | 2 3 4 |  4.5
Conjurations   | 1 2 3 5 6 |  6.3
Ranged Weapons | 3 7 8 10 11 | 11.1
Fighting       | 1 2 3 4 6 |  6.0
Armour         | 1 3 4 |  4.9
Evocations     | 3 |  3.8
Short Blades   | |  0.3
Long Blades    | |  0.5
Throwing       | |  0.8
Hexes          | |  0.1
Transmutations | |  0.8

Action                     |  1- 3 |  4- 6 |  7- 9 | 10-12 || total
---------------------------+-------+-------+-------+-------++-------
  Melee: Dagger            |    18 |     5 |    20 |       ||    43
         Touch             |       |       |     6 |     2 ||     8
         Falchion          |       |       |       |    22 ||    22
         Punch             |       |       |       |     1 ||     1
   Fire: Sling             |       |       |   154 |   290 ||   444
  Throw: Throwing net      |       |     2 |     1 |     1 ||     4
         Boomerang         |       |       |     1 |       ||     1
         Dart              |       |       |       |     3 ||     3
   Cast: Sandblast         |    64 |    37 |    20 |       ||   121
         Stone Arrow       |       |     6 |    59 |   152 ||   217
         Passwall          |       |       |     1 |       ||     1
         Leda's Liquefacti |       |       |       |     1 ||     1
  Evoke: Wand              |       |       |    10 |    20 ||    30
    Use: Scroll            |       |     5 |    12 |     9 ||    26
         Potion            |       |     1 |     5 |     6 ||    12
   Stab: Sleeping          |     1 |       |     2 |       ||     3
 Armour: Robe              |    16 |    11 |    12 |       ||    39
         Leather armour    |       |       |    13 |   110 ||   123
         Skin              |       |       |     3 |       ||     3
  Dodge: Dodged            |    47 |    18 |    65 |   173 ||   303
